 Dungeon Crawl Stone Soup version 0.28-a0-661-g144af121cd (webtiles) character file.

Game seed: 349152695909907494

141 Astera the Skirmisher (level 5, -1/42 HPs)
             Began as a Demonspawn Berserker on Oct 14, 2021.
             Was a Priest of Trog.
             Killed from afar by an orc wizard (4 damage)
             ... with a magic dart
             ... on level 3 of the Dungeon.
             The game lasted 00:09:39 (3487 turns).

Astera the Skirmisher (Demonspawn Berserker)        Turns: 3487, Time: 00:09:40

Health: -1/42      AC:  5    Str: 18    XL:     5   Next: 3%
Magic:  5/5        EV: 12    Int:  9    God:    Trog [***...]
Gold:   48         SH:  5    Dex: 12    Spells: 4/4 levels left

rFire   . . .      SeeInvis .   a - +0 mace
rCold   . . .      Faith    .   (no shield)
rNeg    . . .      Spirit   .   h - +0 leather armour
rPois   .          Reflect  +   (no helmet)
rElec   .          Harm     .   (no cloak)
rCorr   .          Rampage  .   (no gloves)
Will    .....                   (no boots)
Stlth   +.........              g - amulet of reflection
HPRegen 0.14/turn               (no ring)
MPRegen 0.09/turn               (no ring)

@: no status effects
A: slimy green scales 1, demonic guardian 1, ignite blood 1, weakness stinger 1
a: Renounce Religion, Berserk, Trog's Hand


You were on level 3 of the Dungeon.
You worshipped Trog.
Trog was most pleased with you.
You visited 1 branch of the dungeon, and saw 3 of its levels.

You collected 48 gold pieces.

Inventory:

Hand Weapons
 a - a +0 mace (weapon)
Missiles
 m - 3 boomerangs (quivered)
 o - 4 datura-tipped darts
 q - 2 throwing nets
Armour
 h - a +0 leather armour (worn)
 k - a +0 chain mail of positive energy
Jewellery
 g - an amulet of reflection (around neck)
Scrolls
 c - a scroll of magic mapping {unknown}
 d - a scroll of identify {unknown}
 f - a scroll of blinking {unknown}
 i - a scroll of enchant weapon {unknown}
 l - a scroll of noise {unknown}
 r - a scroll of teleportation {unknown}
Potions
 b - a potion of attraction {unknown}
 e - 3 potions of curing
 j - a potion of lignification {unknown}
 n - a potion of haste {unknown}
 p - a potion of might {unknown}


   Skills:
 + Level 3.9 Fighting
 + Level 3.8 Maces & Flails
 + Level 2.1 Armour
 + Level 2.5 Dodging
 + Level 0.5 Stealth
 + Level 0.4 Shields


You had 4 spell levels left.
You didn't know any spells.
Your spell library was empty.

Dungeon Overview and Level Annotations

Branches:
Dungeon (3/15)

Altars:
Vehumet

Shops:
D:2 =

Annotations:
D:3 Sigmund


Innate Abilities, Weirdness & Mutations

You are partially covered in slimy green scales. (AC +2)
A weak demonic guardian rushes to your aid.
Your demonic aura sometimes causes spilled blood to erupt in flames.
You have a small tail.


Message History

A magic dart appears from out of thin air!
The magic dart hits you.
* * * LOW HITPOINT WARNING * * *
A demonic guardian appears!
Your ufetubus closely misses something.
Your ufetubus misses something. The bat hits you but does no damage.
Something hits your ufetubus.
Really walk into that dispersal trap?
You enter a dispersal trap!
Your white imp blinks!
The bat blinks! x2; You blink.
It was a potion of curing.
You feel better.
Your ufetubus disappears in a puff of smoke!
You block the bat's attack. You block the bat's attack.
The bat closely misses you. The bat hits you but does no damage.
Your white imp hits something but does no damage.
An orc wizard appears from thin air!
Reactivating autopickup.
The orc wizard points at you and mumbles some strange words.
The puff of flame hits you!
* * * LOW HITPOINT WARNING * * *
A demonic guardian appears!
You block the bat's attack.
Your white imp barely misses something.
Sigmund the Dreaded comes into view.
He is wielding a +1 scythe of freezing.
Sigmund shouts!
The bat hits you but does no damage.
Your white imp gestures at the bat.
The puff of frost hits the bat.
The bat dies!
Trog accepts your kill.
Really walk into that dispersal trap?
You enter a dispersal trap!
The orc wizard blinks!
Your white imp blinks!
Sigmund blinks! x2; You blink.
The orc wizard gestures at you while chanting.
The magic dart hits you.
* * * LOW HITPOINT WARNING * * *
The orc wizard casts a spell at you. The magic dart hits you.
You die...

..# #.# #.............##.#####
..# #.# ################.....#
.######.# #...# #.....#
.#......#############...###.....#
............5...^§.§5.)...)†.....
.................####...###......
.....#...#######§.# #...# #......
####.#.####.......# #.?.# #......
.....(.# #....o@.###...# #.#.##.
##.....# #..@.....###### #.#.# .
.#.)...# #........# #.#.#
.#.....# ########..# #....
#.#.#.# #.# ..# #.#.#.# ..#
#.#.#.# .# #.#.#.# .# #.#.#


You could see Sigmund and an orc wizard.

Vanquished Creatures
  A gnoll (D:1)
  4 adders
  5 dart slugs
  2 orcs (D:3)
  3 ball pythons
  6 endoplasms
  A giant cockroach (D:2)
  5 goblins
  10 hobgoblins
  3 jackals
  11 kobolds
  2 quokkas (D:2)
  7 bats
  2 frilled lizards
  3 rats (D:1)
65 creatures vanquished.

Vanquished Creatures (collateral kills)
  A worm (D:2)
  2 orcs (D:3)
  A kobold (D:3)
  A bat (D:3)
5 creatures vanquished.

Grand Total: 70 creatures vanquished

Notes
Turn   | Place    | Note
-------+----------+-------------------------------------------
     0 | D:1      | Astera the Demonspawn Berserker began the quest for the
                  | Orb.
     0 | D:1      | Reached XP level 1. HP: 18/18 MP: 1/1
    62 | D:1      | Gained mutation: You have a small tail. [demonic ancestry]
    62 | D:1      | Reached XP level 2. HP: 5/24 MP: 2/2
  1020 | D:1      | Gained mutation: Your demonic aura sometimes causes spilled
                  | blood to erupt in flames. [demonic ancestry]
  1020 | D:1      | Reached XP level 3. HP: 29/29 MP: 3/3
  1089 | D:1      | Reached ** piety under Trog
  1980 | D:2      | Found Boba's Jewellery Shop.
  2039 | D:2      | Gained mutation: A weak demonic guardian rushes to your
                  | aid. [demonic ancestry]
  2039 | D:2      | Reached XP level 4. HP: 14/37 MP: 4/4
  2898 | D:2      | Found a radiant altar of Vehumet.
  2957 | D:2      | Found a faded altar of an unknown god.
  3467 | D:3      | Reached *** piety under Trog
  3468 | D:3      | Gained mutation: You are partially covered in slimy green
                  | scales. (AC +2) [demonic ancestry]
  3468 | D:3      | Reached XP level 5. HP: 11/42 MP: 5/5
  3484 | D:3      | Noticed Sigmund
  3487 | D:3      | Killed from afar by an orc wizard

Illustrated notes

Levels and vault maps discovered:
D:1:      giann_wishing_wells, layout_loops_corners, minmay_pentomino_r4
D:2:      layout_basic, serial_shops, nicolae_square_shop,
          basic_ecumenical_altar, basic_altar, minmay_circled_x
D:3:      layout_basic, uniq_sigmund

Skill      XL: |  1  2 |
---------------+-------+-----
Maces & Flails | 3 |  3.8
Dodging        | 2 |  2.5
Armour         | 2 |  2.1
Fighting       | |  3.9
Stealth        | |  0.5
Shields        | |  0.4

Action                   |  1- 3 |  4- 6 || total
-------------------------+-------+-------++-------
Melee: Mace              |   116 |    85 ||   201
       Tailslap          |     9 |     4 ||    13
Throw: Boomerang         |       |     1 ||     1
  Use: Potion            |       |     1 ||     1
Armor: Animal skin       |     6 |       ||     6
       Leather armour    |    23 |    25 ||    48
Dodge: Dodged            |    90 |    67 ||   157
Block: Other             |    14 |    25 ||    39
       Reflection        |     1 |     2 ||     3

Table legend: (Time is in decaauts)
 A = Elapsed time spent in this place.
 B = Non-inter-level travel time spent in this place.
 C = Inter-level travel time spent in this place.
 D = Time resting spent in this place.
 E = Time spent auto-exploring this place.
 F = Levels seen in this place.
 G = Mean time per level.
                   A        B        C        D        E       F      G
               +--------+--------+--------+--------+--------+-----+--------+
         Total |   3534 |   3425 |    109 |    673 |   1888 |   3 | 1178.0 |
       Dungeon |   3534 |   3425 |    109 |    673 |   1888 |   3 | 1178.0 |
               +--------+--------+--------+--------+--------+-----+--------+

Top non-repeatable levels by time:
     D:1: 1903 daAuts
     D:2: 1340 daAuts
     D:3: 290 daAuts
